 Dungeon Crawl Stone Soup version 0.30-a0-365-ge7f957f1db (webtiles) character file.

Game seed: 11529427900768056177

238 qeuew the Ducker (level 5, -4/41 HPs)
             Began as a Demonspawn Gladiator on Nov 16, 2022.
             Slain by a gnoll bouda
             ... wielding a +0 club
              (7 damage)
             ... on level 4 of the Dungeon.
             The game lasted 00:02:56 (2590 turns).

qeuew the Ducker (Demonspawn Gladiator)             Turns: 2590, Time: 00:02:57

Health: -4/41      AC:  6    Str: 14    XL:     5   Next: 78%
Magic:  5/5        EV: 16    Int: 10    God:
Gold:   124        SH:  4    Dex: 16    Spells: 4/4 levels left

rFire   . . .      SeeInvis .    a - +0 war axe
rCold   . . .      Faith    .    (no shield)
rNeg    . . .      Spirit   .    f - +0 ring mail
rPois   .          Reflect  .    c - +0 helmet
rElec   .          Harm     .    (no cloak)
rCorr   .          Rampage  .    (no gloves)
Will    .....                    (no boots)
Stlth   +.........               (no amulet)
HPRegen 0.26/turn                k - +4 ring of evasion
MPRegen 0.09/turn                (no ring)

@: weakened
A: claws 1, condensation shield, demonic magic 1
a: no special abilities


You were on level 4 of the Dungeon.
You visited 1 branch of the dungeon, and saw 4 of its levels.

You collected 124 gold pieces.

Inventory:

Hand Weapons
 a - a +0 war axe (weapon)
Missiles
 d - 2 throwing nets (quivered)
 e - a javelin
Armour
 c - a +0 helmet (worn)
 f - a +0 ring mail (worn)
Jewellery
 k - a +4 ring of evasion (left claw)
Potions
 b - a potion of resistance
 g - a potion of cancellation


   Skills:
 + Level 3.1 Fighting
 + Level 3.5 Axes
 + Level 2.9 Throwing
 + Level 2.1 Armour
 + Level 3.6 Dodging


You had 4 spell levels left.
You didn't know any spells.
Your spell library contained the following spells:

 Spells                   Type           Power      Damage    Failure   Level
 Cigotuvi's Dreadful Rot  Necr/Pois/Air  0%         N/A       75%         2
 Ensorcelled Hibernation  Hex/Ice        0%         N/A       75%         2
 Ignite Poison            Fire/Tmut/Pois 0%         N/A       92%         3
 Kindle Blastsparks       Fire/Tloc/Air  0%         2d10      92%         3
 Spider Form              Tmut/Pois      0%         N/A       92%         3
 Anguish                  Hex/Necr       0%         N/A       100%        4
 Dispel Undead            Necr           0%         3d6       100%        4
 Freezing Cloud           Conj/Ice/Air   0%         6-21      100%        5
 Death Channel            Necr           0%         N/A       100%        6


Dungeon Overview and Level Annotations

Branches:
Dungeon (4/15)
 Temple: D:4-7

Altars:
Cheibriados
Trog


Innate Abilities, Weirdness & Mutations

You have sharp fingernails.
A meltable shield of frost defends you. (SH +4)
Spells you cast may paralyse adjacent enemies.


Message History

You barely miss the gnoll. You hit the gnoll.
You kill the gnoll!
The gnoll barely misses you.
The gnoll bouda prays to its god.
The gnoll bouda is healed somewhat.
The gnoll hits you with a +0 halberd!
* * * LOW HITPOINT WARNING * * *
The gnoll bouda calls upon its god to heal the gnoll.
The gnoll is healed somewhat.
You feel better. The gnoll bouda closely misses you.
The gnoll closely misses you.
You barely miss the gnoll bouda.
The gnoll bouda is severely wounded.
You barely miss the gnoll. The gnoll completely misses you.
The gnoll bouda barely misses you.
Throw: 3 throwing nets
Press: ? - help, Q - select action, (/) - cycle Shift-Dir - straight line, f - gnoll
Aim: a gnoll, wielding a +0 halberd (heavily wounded, covering ground quickly, 65% to hit)
You throw a throwing net. The throwing net hits the gnoll.
The gnoll is caught in the net!
The gnoll is heavily wounded.
The gnoll is no longer moving quickly.
The gnoll struggles against the net.
The gnoll bouda barks out a call to the hunt!
The gnoll picks up the pace!
You hit the gnoll bouda.
The gnoll bouda is almost dead.
You strike the helpless gnoll from behind!
You hit the gnoll.
The gnoll struggles against the net.
The gnoll bouda gazes fiercely through you!
You feel your attacks grow feeble.
The gnoll bouda hits you with a +0 club.
* * * LOW HITPOINT WARNING * * *
The gnoll struggles against the net.
You closely miss the gnoll bouda.
The gnoll bouda is almost dead.
You hit the gnoll.
You kill the gnoll!
The gnoll bouda hits you with a +0 club.
* * * LOW HITPOINT WARNING * * *
The gnoll bouda hits you with a +0 club!
You die...

.......#
......######
..........#
##.........#
#..........#
#..........##
#...)g)......
##....@).....#
#....).)..#.##
#.........#.#
#.........#.#
#...........#
............##
#...........#
##.........##
#..........#


You could see a gnoll bouda.

Vanquished Creatures
  A scorpion (D:4)
  A jelly (D:3)
  3 adders
  5 gnolls (D:4)
  2 worms
  2 dart slugs
  8 orcs (D:3)
  3 ball pythons
  4 endoplasms
  7 giant cockroaches
  4 goblins
  3 hobgoblins
  6 quokkas
  4 bats
  A frilled lizard (D:2)
  3 kobolds
  9 rats
66 creatures vanquished.

Vanquished Creatures (others)
  2 fungi (D:4)
2 creatures vanquished.

Grand Total: 68 creatures vanquished

Notes
Turn   | Place    | Note
-------+----------+-------------------------------------------
     0 | D:1      | qeuew the Demonspawn Gladiator began the quest for the Orb.
     0 | D:1      | Reached XP level 1. HP: 16/16 MP: 1/1
   252 | D:1      | Discovered your monstrous ancestry.
   252 | D:1      | Gained mutation: You have sharp fingernails. [demonic
                  | ancestry]
   252 | D:1      | Reached XP level 2. HP: 22/22 MP: 2/2
  1119 | D:2      | Reached XP level 3. HP: 27/28 MP: 3/3
  1249 | D:2      | Reached skill level 1 in Armour
  1698 | D:3      | Gained mutation: A meltable shield of frost defends you.
                  | (SH +4) [demonic ancestry]
  1698 | D:3      | Reached XP level 4. HP: 12/34 MP: 4/4
  1826 | D:3      | Found a snail-covered altar of Cheibriados.
  2505 | D:4      | Found a bloodstained altar of Trog.
  2512 | D:4      | Noticed a scorpion
  2519 | D:4      | Killed a scorpion
  2520 | D:4      | Gained mutation: Spells you cast may paralyse adjacent
                  | enemies. [demonic ancestry]
  2520 | D:4      | Reached XP level 5. HP: 40/41 MP: 5/5
  2585 | D:4      | HP: 1/41 [gnoll/+0 halberd[a gnoll bouda] (7)]
  2590 | D:4      | Slain by a gnoll bouda

Illustrated notes

Levels and vault maps discovered:
D:1:      heliophobic_arrival_enchanted_forest, layout_loops_ring,
          minmay_misc_feat_nine_boxes, hangedman_decor_diamond_cutter,
          corexii_corridor_pit
D:2:      layout_basic, supply_closet_lemuel
D:3:      layout_basic, cheibriados_altar_1
D:4:      nicolae_cairo_tiling_large_dashed, layout_basic,
          mainiacjoe_overflow_cross_hatched, serial_shops, nicolae_square_shop,
          roderic_batcave, dk_vineyard_1, sigmund_edmund_badplayer,
          uniq_eustachio, uniq_duvessa

Skill      XL: |  1  2  3  4  5 |
---------------+----------------+-----
Throwing       | 2 |  2.9
Dodging        | 3 |  3.6
Axes           | 3 |  3.5
Armour         | 1 2 |  2.1
Fighting       | 3 |  3.1

Action                   |  1- 3 |  4- 6 || total
-------------------------+-------+-------++-------
Melee: War axe           |   101 |    76 ||   177
       Punch             |     2 |       ||     2
Throw: Throwing net      |       |     1 ||     1
  Use: Potion            |     6 |     2 ||     8
       Scroll            |     1 |     1 ||     2
 Stab: Held in net/web   |       |     1 ||     1
Armor: Ring mail         |    42 |    20 ||    62
Dodge: Dodged            |    99 |    98 ||   197
Block: Other             |       |    20 ||    20

Table legend: (Time is in decaauts)
 A = Elapsed time spent in this place.
 B = Non-inter-level travel time spent in this place.
 C = Inter-level travel time spent in this place.
 D = Time resting spent in this place.
 E = Time spent auto-exploring this place.
 F = Levels seen in this place.
 G = Mean time per level.
                   A        B        C        D        E       F      G
               +--------+--------+--------+--------+--------+-----+--------+
         Total |   2630 |   2582 |     48 |      0 |   2150 |   4 |  657.5 |
       Dungeon |   2630 |   2582 |     48 |      0 |   2150 |   4 |  657.5 |
               +--------+--------+--------+--------+--------+-----+--------+

Top non-repeatable levels by time:
     D:2: 859 daAuts
     D:1: 834 daAuts
     D:3: 801 daAuts
     D:4: 134 daAuts
